 Dungeon Crawl Stone Soup version 0.32-a0-799-g95e1662365 (webtiles) character file.

Game seed: 6233207036307197790

4 ezpacito the Chopper (level 1, 0/18 HPs)
             Began as a Coglin Chaos Knight on Mar 22, 2024.
             Was a Plaything of Xom.
             Slain by a gnoll
             ... wielding a +0 whip
              (1 damage)
             ... on level 1 of the Dungeon.
             The game lasted 00:00:20 (86 turns).

ezpacito the Chopper (Coglin Chaos Knight)            Turns: 86, Time: 00:00:21

Health: 0/18       AC:  5    Str: 12    XL:     1   Next: 70%
Magic:  1/1        EV: 10    Int: 11    God:    Xom [....*.]
Gold:   0          SH:  0    Dex: 13    Spells: 0/0 levels left

rFire   . . .        a - +0 hand axe (chaos) {Hori}
rCold   . . .        d - +0 dagger {Seojun}
rNeg    . . .        b - +2 leather armour
rPois   .            (no helmet)
rElec   .            (no cloak)
rCorr   .            (no gloves)
SInv    .            (no boots)
Will    .....        (amulet unavailable)
Stlth   +            (ring unavailable)
HPRegen 0.23/turn    (ring unavailable)
MPRegen 0.07/turn    (no gizmo)

%: no passive effects
@: revving
A: off-hand wielding, slow wielding, warmup strikes, no jewellery
a: Invent Gizmo, Renounce Religion


You were on level 1 of the Dungeon.
You worshipped Xom.
You were a beloved toy of Xom.
You visited 1 branch of the dungeon, and saw 1 of its levels.

Inventory:

Hand Weapons
 a - a +0 hand axe of chaos (weapon) {Hori}
 d - a +0 dagger (offhand) {Seojun}
Armour
 b - a +2 leather armour (worn)


   Skills:
 * Level 3.0 Fighting
 * Level 3.0 Axes
 + Level 0.1(1.6) Polearms
 * Level 1.9 Armour
 * Level 1.0 Dodging
 + Level 0.0 Stealth
 + Level 0.0 Spellcasting


You couldn't memorise any spells.
You didn't know any spells.
Your spell library was empty.

Dungeon Overview and Level Annotations

Branches:
Dungeon (1/15)

Altars:


Innate Abilities, Weirdness & Mutations

You can wield a second weapon in your off-hand.
It takes a long time for you to wield or remove held weapons.
Your first few attacks do less damage.
You cannot equip rings or amulets.


Message History

The hobgoblin hits you but does no damage.
You hit the hobgoblin with your +0 hand axe of chaos.
You kill the hobgoblin!
You closely miss the gnoll with your +0 hand axe of chaos.
The gnoll is lightly wounded.
You closely miss the gnoll with your +0 dagger.
The gnoll hits you with a +0 club! The gnoll barely misses you.
You take 7 damage, and have 7/18 hp.
MASSIVE DAMAGE!!
You closely miss the gnoll with your +0 hand axe of chaos.
The gnoll is lightly wounded.
You barely miss the gnoll with your +0 dagger.
The gnoll barely misses you.
You hit the gnoll but do no damage.
The gnoll is lightly wounded.
You hit the gnoll but do no damage. The gnoll hits you but does no damage.
Unknown command.
Blink to where?
Press: ? - help, Dir - move target
As you read the scroll labelled XAGIUB ROJERR, it crumbles to dust.
It was a scroll of blinking.
You are now a beloved toy of Xom.
The gnoll closely misses your butterfly.
Your butterfly disappears in a burst of colours!
The gnoll misses your butterfly.
You start resting.
A gnoll is nearby!
The gnoll hits you with a +0 whip.
You take 3 damage, and have 8/18 hp.
You barely miss the gnoll with your +0 hand axe of chaos.
You barely miss the gnoll with your +0 dagger.
The gnoll hits you with a +0 whip!
* * * LOW HITPOINT WARNING * * *
A shower of butterflies erupts from you!
You take 7 damage, and have 1/18 hp.
MASSIVE DAMAGE!!
You hit the gnoll with your +0 dagger.
The gnoll is moderately wounded.
You barely miss the gnoll with your +0 hand axe of chaos.
The gnoll hits you with a +0 whip.
You die...
Xom bursts into laughter!

#.....#
......#.b.b#
##### #ยง.#.#
#..g.#
#....g.#######
#...##..b....#
#......#####.#
#..#########b#
#........b@gg#
..#.##########


You could see 2 gnolls.

Vanquished Creatures
  A hobgoblin (D:1)
  A kobold (D:1)
  A quokka (D:1)
  A frilled lizard (D:1)
4 creatures vanquished.

Notes
Turn   | Place    | Note
-------+----------+-------------------------------------------
     0 | D:1      | ezpacito the Coglin Chaos Knight began the quest for the
                  | Orb.
     0 | D:1      | Reached XP level 1. HP: 18/18 MP: 1/1
    63 | D:1      | Reached skill level 1 in Dodging
    85 | D:1      | XOM: butterfly on damage
    86 | D:1      | Slain by a gnoll

Illustrated notes

Levels and vault maps discovered:
D:1:      onia_arrival_pyramid, layout_basic

Skill      XL: |  1 |
---------------+----+-----
Dodging        | 1 |  1.0
Fighting       | |  3.0
Axes           | |  3.0
Polearms       | |  0.1
Armour         | |  1.9

Action                     || total
---------------------------++-------
  Melee: Hand axe          ||    15
         Dagger            ||    13
    Use: Scroll            ||     2
 Armour: Leather armour    ||    15
  Dodge: Dodged            ||     7

Table legend: (Time is in decaauts)
 A = Elapsed time spent in this place.
 B = Non-inter-level travel time spent in this place.
 C = Inter-level travel time spent in this place.
 D = Time resting spent in this place.
 E = Time spent auto-exploring this place.
 F = Levels seen in this place.
 G = Mean time per level.
                   A        B        C        D        E       F      G
               +--------+--------+--------+--------+--------+-----+--------+
         Total |     87 |     87 |      0 |      7 |     33 |   1 |   87.0 |
       Dungeon |     87 |     87 |      0 |      7 |     33 |   1 |   87.0 |
               +--------+--------+--------+--------+--------+-----+--------+

Top non-repeatable levels by time:
     D:1: 87 daAuts
